 Dungeon Crawl Stone Soup version 0.21-a0-221-gfe971b9 (webtiles) character file.

17 Gorglomux the Digger (level 2, -1/25 HPs)
             Began as a Hill Orc Earth Elementalist on Aug 24, 2017.
             Slain by a worm (7 damage)
             ... on level 2 of the Dungeon.
             The game lasted 00:02:21 (1343 turns).

Gorglomux the Digger (Hill Orc Earth Elementalist)  Turns: 1343, Time: 00:02:22

Health: -1/25      AC:  2    Str: 10    XL:     2   Next: 62%
Magic:  4/4        EV: 12    Int: 15    God:
Gold:   91         SH:  0    Dex: 11    Spells: 3/4 levels left

rFire    . . .     SeeInvis .   m - +0 mace
rCold    . . .     Gourm    .   (no shield)
rNeg     . . .     Faith    .   c - +0 robe
rPois    .         Spirit   .   (no helmet)
rElec    .         Reflect  .   (no cloak)
rCorr    .         Harm     .   (no gloves)
MR       .....                  (no boots)
Stlth    ++........             (no amulet)
HPRegen  0.08/turn              (no ring)
MPRegen  0.09/turn              (no ring)

@: no status effects
A: no striking features
a: no special abilities


You were on level 2 of the Dungeon.
You were not hungry.

You visited 1 branch of the dungeon, and saw 2 of its levels.

You collected 91 gold pieces.

Inventory:

Hand Weapons
 m - a +0 mace (weapon)
Missiles
 b - 79 stones (quivered)
 p - 5 javelins
Armour
 c - a +0 robe (worn)
Scrolls
 i - a scroll of teleportation {unknown}
 j - 2 scrolls of identify {unknown}
 k - a scroll of enchant weapon {unknown}
 o - a scroll of blinking {unknown}
 q - a scroll of amnesia {unknown}
 r - a scroll of fog {unknown}
Potions
 g - 2 potions of mutation {unknown}
 h - 4 potions of curing {unknown}
 l - a potion of magic {unknown}
Books
 e - a book of Geomancy

   Spells                             Type                      Level
   a - Sandblast                      Earth                        1
   b - Passwall                       Transmutation/Earth          2
   c - Stone Arrow                    Conjuration/Earth            3
   d - Petrify                        Transmutation/Earth          4
   e - Lee's Rapid Deconstruction     Earth                        5
Comestibles
 d - 2 bread rations


   Skills:
 + Level 2.6 Fighting
 - Level 1.5 Dodging
 - Level 1.5 Stealth
 - Level 1.5 Spellcasting
   Level 0.6 Transmutations
 - Level 3.0 Earth Magic


You had 3 spell levels left.
You knew the following spells:

 Your Spells              Type           Power        Failure   Level  Hunger
a - Sandblast             Erth           ##....       7%          1    ##.....


Dungeon Overview and Level Annotations

Branches:
Dungeon (2/15)

Altars:
Nemelex Xobeh


Message History

A worm is nearby!!!
A worm is nearby!!!
The worm bites you!!!
You hammer the worm like a butt!
The butt is butt-ly wounded!
The worm misses you!
You barely miss the worm!
The butt is lightly wounded!
The worm closely misses you!
You butt the butt but do no damage!
You hammer the worm but do no damage! The worm butts you!
You flatten the worm like a pancake!
The worm is moderately wounded!
The worm bites you!!! * * * don't die
* * * You are too injured to fight recklessly!!!
You beat the worm like a drum!
The worm butts heavily wounded!
The worm bites you!!! rip

#.# #.####.### #
#.# #.####.#
#.#######.#
#......# #....
..#?# #.######
#.....#.#.#####.#
#.....#.#.......#
#...........####
#.####.###### #@#
#.....w.#
..#######


You could see a worm.

Vanquished Creatures
  A bat (D:2)
  A giant cockroach (D:1)
  3 hobgoblins
  A jackal (D:1)
  4 kobolds
  A quokka (D:2)
  A frilled lizard (D:2)
  A goblin (D:1)
  4 rats
17 creatures vanquished.

Notes
Turn   | Place    | Note
-------+----------+-------------------------------------------
     0 | D:1      | Gorglomux the Hill Orc Earth Elementalist began the quest for the Orb.
     0 | D:1      | Reached XP level 1. HP: 14/14 MP: 3/3
   281 | D:1      | Reached skill level 1 in Fighting
   600 | D:1      | Reached XP level 2. HP: 24/24 MP: 1/4
   952 | D:2      | Found a faded altar of an unknown god.
  1028 | D:2      | Found a sparkling altar of Nemelex Xobeh.
  1343 | D:2      | Slain by a worm

Vault maps used:
D:1:      lightli_arrival_chessboard
D:2:      gammafunk_temple_overflow_forgotten,
          nemelex_xobeh_ov_fountains_minmay, chequers_ecumenical_altar_simple

Skill      XL: |  1  2 |
---------------+-------+-----
Fighting       | 1 2 |  2.6
Dodging        | |  1.5
Stealth        | |  1.5
Spellcasting   | |  1.5
Transmutations | |  0.6
Earth Magic    | |  3.0

Action                   || total
-------------------------++-------
Melee: Unarmed           ||    12
       Mace              ||    21
 Cast: Sandblast         ||    17
  Eat: Chunk             ||     2
Armor: Robe              ||     2
Dodge: Dodged            ||    26

Table legend:
 A = Spawn XP
 B = Non-spawn XP
 C = Spawn XP percentage of total XP
 D = Spawn monster count
 E = Non-spawn monster count
 F = Spawn count percentage of total count
 G = Total turns spent on level
                    A         B        C        D         E        F      G
               +---------+---------+-------+---------+---------+-------+---------
         Total |       9 |      16 |  36.0 |       5 |      12 |  29.4 |  1343
               +---------+---------+-------+---------+---------+-------+---------
           D:1 |       9 |       5 |  64.3 |       5 |       4 |  55.6 |   952
           D:2 |       0 |      11 |   0.0 |       0 |       8 |   0.0 |   391
               +---------+---------+-------+---------+---------+-------+---------
